 Dungeon Crawl Stone Soup version 0.30-a0-802-gb92711bcdf (console) character file.

Game seed: 5858067552502205724

9 petzl the Sneak (level 2, -15/22 (24) HPs)
             Began as a Formicid Delver on Feb 24, 2023.
             Demolished by an orc
             ... wielding a +3 trident of distortion
              (20 damage)
             ... on level 3 of the Dungeon.
             The game lasted 00:03:49 (432 turns).

petzl the Sneak (Formicid Delver)                    Turns: 432, Time: 00:03:49

HP:   -15/22 (24)   AC:  5    Str: 16    XL:     2   Next: 25%
MP:   2/2           EV: 11    Int:  9    God:
Gold: 42            SH:  0    Dex: 15    Spells: 1/1 levels left

rFire   . . .      SeeInvis +    a - +0 mace
rCold   . . .      Faith    .    (no shield)
rNeg    . . .      Spirit   .    j - +0 ring mail
rPois   .          Reflect  .    (helmet unavailable)
rElec   .          Harm     .    (no cloak)
rCorr   .          Rampage  .    (no gloves)
Will    .....                    (no boots)
Stlth   +                        (no amulet)
HPRegen 0.23/turn                (no ring)
MPRegen 0.08/turn                (no ring)

@: confused, drained
A: permanent stasis, dig shafts and tunnels, antennae 3, four strong arms
a: Dig, Shaft Self


You were on level 3 of the Dungeon.
You visited 1 branch of the dungeon, and saw 4 of its levels.
You also visited: Ossuary.

You collected 42 gold pieces.

Inventory:

Hand Weapons
 a - a +0 mace (weapon)
Missiles
 i - 7 poisoned darts
Armour
 b - a +0 leather armour
 j - a +0 ring mail (worn)
Wands
 f - a wand of digging (9)
Scrolls
 c - a scroll of fog
 d - a scroll of magic mapping
 e - a scroll of fear
 g - 2 scrolls of teleportation {unknown}
 h - a scroll of identify {unknown}
Potions
 k - a potion of might {unknown}
 l - 2 potions of curing {unknown}


   Skills:
 - Level 3.4 Fighting
 - Level 2.2 Maces & Flails
 - Level 2.0 Dodging
 + Level 6.2 Stealth
 + Level 0.0 Spellcasting


You had one spell level left.
You didn't know any spells.
Your spell library was empty.

Dungeon Overview and Level Annotations

Branches:
Dungeon (6/15)            Ossuary (visited)
 Temple: D:4-7

Altars:

Annotations:
D:4 exclusion: downstairs
D:5 exclusion: 2 downstairs
D:6 Edmund


Innate Abilities, Weirdness & Mutations

You cannot be hasted, slowed, berserked, paralysed or teleported.
You can dig through walls and to a lower floor.
You have a pair of large antennae on your head. (SInv)
Your four strong arms can wield two-handed weapons with a shield.


Message History

The floor.
Unknown command.
Press: ? - help, v - describe, . - travel
Here: an orc, wielding a +3 trident of distortion The floor.
Unknown command.
Unknown command.
You extend your mandibles.
You dig through the rock wall.
You feel drained.
You retract your mandibles.
An orc wizard comes into view. It is wielding a +0 dagger.
An orc priest comes into view. It is wielding a +0 short sword.
The orc wizard gestures at you while chanting.
The puff of flame hits you!
A rat comes into view.
Found 8 stones.
Found a stone staircase leading up.
The orc wizard casts a spell at you.
You are confused.
The orc wizard gestures at you while chanting.
The magic dart hits you. The orc wizard casts a spell at you.
You resist with significant effort.
You feel less confused.
The orc wizard gestures at you while chanting.
You are confused.
A bat comes into view.
The orc wizard gestures wildly while chanting.
The orc wizard flickers and vanishes for a moment.
You hear a shout!
The rat closely misses you.
You're too confused to move!
The bat hits you. The rat barely misses you.
The orc hits you from afar with a +3 trident of distortion.
You hit the rat.
You kill the rat!
The bat hits you but does no damage.
The orc hits you from afar with a +3 trident of distortion.
* * * LOW HITPOINT WARNING * * *
Space warps horribly around you!!
Ouch! That really hurt!
You die...

#. ........#.{.#
#... ##
..#.....###.###...
..#..##.............
#..............#.#.#
##.##..##.#........(
# ##..#...#.#.#.#.#
##..............
###.....#.#.#.#
#............ #
#.....#.#.#.#. ..
#.............
...#...o..#......
..........#.#.#..
...........#......
#...###...........
.... #..oo.......
.... #..†........ ..
#..@........
#..<........
#b..........
#...........#
#............#
..............#
.#.#.#.#.#######
....... .#


You could see an orc priest, an orc wizard (invisible), an orc and a bat.

Vanquished Creatures
  2 orcs (D:3)
  A ball python (D:3)
  A goblin (D:3)
  A kobold (D:3)
  A bat (D:3)
  An orc zombie (Ossuary)
  A rat (D:3)
8 creatures vanquished.

Notes
Turn   | Place    | Note
-------+----------+-------------------------------------------
     0 | D:5      | petzl the Formicid Delver began the quest for the Orb.
     0 | D:5      | Reached XP level 1. HP: 18/18 MP: 1/1
     4 | D:6      | Noticed an iguana
    34 | D:6      | Noticed a black bear
    35 | D:6      | Noticed a gnoll sergeant
    59 | D:6      | Noticed Edmund
    93 | D:5      | Noticed an iguana
   115 | D:5      | Found a sand-covered staircase.
   133 | Ossuary  | Entered an ossuary
   234 | D:4      | Noticed a jelly
   236 | D:4      | Noticed an iguana
   320 | D:3      | Reached XP level 2. HP: 21/24 MP: 2/2
   432 | D:3      | Demolished by an orc

Illustrated notes

Levels and vault maps discovered:
D:3:      layout_rooms, gup_sewer_entry_spiral, serial_glass, glass_columns_a,
          glass_columns_a, glass_columns_c, glass_columns_c
D:4:      minmay_thinvault, layout_rooms, minmay_overflow_temple_star_hex,
          minmay_temple_entry_statues_pillars, minmay_misc_feat_tiny,
          minmay_distorted, uniq_robin, uniq_eustachio
D:5:      minmay_diamond_boxcup, layout_layer_cave, vehumet_statue,
          trog_ov_bears_minmay, nicolae_ossuary_entry_false_entrances,
          serial_shops, nicolae_shop_window_shopping, uniq_sigmund, uniq_duvessa
D:6:      layout_cave_pools, uniq_edmund

Skill      XL: |  1  2 |
---------------+-------+-----
Dodging        | 2 |  2.0
Fighting       | |  3.4
Maces & Flails | |  2.2
Stealth        | |  6.2

Action                     || total
---------------------------++-------
  Melee: Mace              ||    27
Ability: Dig               ||     1
 Armour: Leather armour    ||     5
         Ring mail         ||     3
  Dodge: Dodged            ||    23

Table legend: (Time is in decaauts)
 A = Elapsed time spent in this place.
 B = Non-inter-level travel time spent in this place.
 C = Inter-level travel time spent in this place.
 D = Time resting spent in this place.
 E = Time spent auto-exploring this place.
 F = Levels seen in this place.
 G = Mean time per level.
                   A        B        C        D        E       F      G
               +--------+--------+--------+--------+--------+-----+--------+
         Total |    442 |    425 |     17 |     58 |     15 |   5 |   88.4 |
       Dungeon |    408 |    391 |     17 |     58 |     15 |   4 |  102.0 |
       Ossuary |     33 |     33 |      0 |      0 |      0 |   1 |   33.0 |
               +--------+--------+--------+--------+--------+-----+--------+

Top non-repeatable levels by time:
     D:3: 176 daAuts
     D:5: 92 daAuts
     D:4: 71 daAuts
     D:6: 67 daAuts
 Ossuary: 33 daAuts
